 Dungeon Crawl Stone Soup version 0.18.1-48-g4cf74bf (webtiles) character file.

232 Heedrag the Conjurer (level 5, 0/28 HPs)
             Began as a Deep Elf Conjurer on Aug 6, 2016.
             Slain by a gnoll
             ... wielding a +0 halberd
              (10 damage)
             ... on level 3 of the Dungeon.
             The game lasted 00:05:15 (2058 turns).

Heedrag the Conjurer (Deep Elf Conjurer)            Turns: 2058, Time: 00:05:16

Health: 0/28       AC:  3    Str:  6    XL:     5   Next: 73%
Magic:  7/14       EV: 13    Int: 17    God:
Gold:   134        SH:  0    Dex: 15    Spells: 4 memorised, 1 level left

rFire  . . .     SeeInvis .     y - +0 dagger (venom)
rCold  . . .     Gourm    .     a - +0 robe
rNeg   . . .     Faith    .     (no shield)
rPois  .         Spirit   .     q - +0 helmet
rElec  .         Dismiss  .     (no cloak)
rCorr  .         Reflect  .     (no gloves)
SustAt .         Harm     .     (no boots)
MR     .....                    (no amulet)
Stlth  ++........               (no ring)
                                r - -3 ring of intelligence (curse)

@: very slightly contaminated, not resistant to hostile enchantments, unstealthy
A: no striking features
a: no special abilities


You were on level 3 of the Dungeon.
You were not hungry.

You visited 1 branch of the dungeon, and saw 3 of its levels.

You collected 134 gold pieces.

Inventory:

Hand Weapons
 y - a +0 dagger of venom (weapon)
Armour
 a - a +0 robe (worn)
 l - a +0 large shield
 q - a +0 helmet (worn)
Jewellery
 r - a cursed -3 ring of intelligence (left hand)
Scrolls
 d - a scroll of fog {unknown}
 e - a scroll of fear {unknown}
 f - a scroll of enchant armour {unknown}
 h - a scroll of remove curse {unknown}
 k - 2 scrolls of amnesia {unknown}
 p - a scroll of teleportation {unknown}
 w - a scroll of recharging {unknown}
 x - a scroll of blinking {unknown}
 z - a scroll of magic mapping {unknown}
Potions
 g - a potion of brilliance {unknown}
 i - a potion of beneficial mutation {unknown}
 n - 3 potions of curing {unknown}
 o - a potion of resistance {unknown}
 s - a potion of degeneration {unknown}
 u - a potion of ambrosia {unknown}
 v - a potion of heal wounds {unknown}
Books
 b - a book of Conjurations

   Spells                             Type                      Level
   a - Magic Dart                     Conjuration                  1
   b - Searing Ray                    Conjuration                  2
   c - Dazzling Spray                 Conjuration/Hexes            3
   d - Fulminant Prism                Conjuration/Hexes            4
   e - Iskenderun's Mystic Blast      Conjuration                  4
   f - Iskenderun's Battlesphere      Conjuration/Charms           5
Comestibles
 c - 5 bread rations
 j - a beef jerky
 m - a meat ration


   Skills:
 - Level 2.4 Dodging
 - Level 2.4 Stealth
 + Level 5.1 Spellcasting
 * Level 6.7 Conjurations
 + Level 1.5 Charms


You had one spell level left.
You knew the following spells:

 Your Spells              Type           Power        Failure   Level  Hunger
a - Magic Dart            Conj           ####         1%          1    None
b - Dazzling Spray        Conj/Hex       ###...       12%         3    ###....
c - Iskenderun's Mystic   Conj           ####....     10%         4    ####...
d - Iskenderun's Battles  Conj/Chrm      ###.....     82%         5    ######.


Dungeon Overview and Level Annotations

Branches:
Dungeon (3/15)

Altars:
Cheibriados
Xom
The Shining One

Annotations:
D:3 Sigmund


Message History

Tha magic dart hits tha hound.
Tha hound be severely wounded.
Tha hound bites ye.
Tha gnoll closely misses ye.
Tha hound misses ye.
Castin': Magic Dart Confirm wit' . or Enter, or press ? or * ta list all spells.
Aimin': Magic Dart
Press: ? - help, Shift-Dir - straight line, f/p - hound
Aim: a hound (severely wounded) Tha magic dart hits tha hound.
Tha hound be severely wounded.
Tha hound bites ye.
Tha gnoll misses ye.
Castin': Magic Dart Confirm wit' . or Enter, or press ? or * ta list all spells.
Aimin': Magic Dart
Press: ? - help, Shift-Dir - straight line, f/p - hound
Aim: a hound (severely wounded) Tha magic dart hits tha hound.
Ye kill tha hound!
Tha gnoll hits ye from afar wit' a halberd!
Ye die...

### ##.#†# #.#.####...#....##
..# #...# #.#[##...#.###..#
#.## #..## #.#.##)###)...#.##
#.<#######..# #.#.##.#
####.#..# .......>.[..#
##.#....# #.....
............###..)...##
###... .....<...........##)##
#... ............####.##.#
##.. .......#####..##@##.#
###### ##.. .......#
#..##h##.# #.....##...
.......#+#+#P.#g.##.#
...........
.......#...'....###.#
...........
.......#...#P...#...#
........... .#######..
#..#...###............ .# ###
##..#..#...........)... .#
###.###........##............
.####..........#####
...........


You could see a hound and a gnoll.

Vanquished Creatures
  The ghost of Heedrag the Conjurer, an amateur DECj (D:3)
  A hound (D:3)
  An orc wizard (D:3)
  3 adders
  An ooze (D:2)
  3 worms
  A dart slug (D:1)
  A giant gecko (D:2)
  5 orcs (D:3)
  5 bats
  2 giant cockroaches
  8 goblins
  3 hobgoblins (D:1)
  7 jackals
  2 ball pythons
  4 giant newts
  6 kobolds
  8 rats
62 creatures vanquished.

Notes
Turn   | Place    | Note
--------------------------------------------------------------
     0 | D:1      | Heedrag the Deep Elf Conjurer began the quest for the Orb.
     0 | D:1      | Reached XP level 1. HP: 10/10 MP: 6/6
   202 | D:1      | Reached XP level 2. HP: 15/15 MP: 0/8
   472 | D:1      | Reached skill level 5 in Conjurations
   802 | D:3      | Noticed Sigmund
   828 | D:2      | Reached XP level 3. HP: 19/19 MP: 1/10
   833 | D:2      | Learned a level 3 spell: Dazzling Spray
  1202 | D:2      | Found a shimmering altar of Xom.
  1203 | D:2      | Found a snail-covered altar of Cheibriados.
  1334 | D:2      | Reached XP level 4. HP: 24/24 MP: 9/12
  1452 | D:3      | Noticed Heedrag's ghost (amateur DECj)
  1466 | D:3      | Killed Heedrag's ghost
  1466 | D:3      | Reached skill level 6 in Conjurations
  1531 | D:3      | Found a glowing golden altar of the Shining One.
  1559 | D:3      | Reached XP level 5. HP: 23/28 MP: 9/14
  1770 | D:3      | Learned a level 4 spell: Iskenderun's Mystic Blast
  1776 | D:3      | Learned a level 5 spell: Iskenderun's Battlesphere
  1845 | D:3      | Reached skill level 5 in Spellcasting
  1845 | D:3      | Reached skill level 1 in Charms
  2058 | D:3      | Slain by a gnoll

Skill      XL: |  1  2  3  4  5 |
---------------+----------------+-----
Conjurations   | 5 6 |  6.7
Spellcasting   | 4 5 |  5.1
Charms         | 1 |  1.5
Dodging        | |  2.4
Stealth        | |  2.4

Action                   |  1- 3 |  4- 6 || total
-------------------------+-------+-------++-------
Melee: Unarmed           |     4 |       ||     4
       Short sword       |     5 |       ||     5
       Dagger            |       |     5 ||     5
 Cast: Magic Dart        |    87 |    63 ||   150
  Eat: Chunk             |     1 |     2 ||     3
Armor: Robe              |     2 |     4 ||     6
Dodge: Dodged            |    12 |    22 ||    34
